 Dungeon Sprint DCSS version 0.29-a0-495-g17b79114eb (webtiles) character file.

Game seed: 4949161765622560299

8800000 greenreed the Axe Maniac (level 27, -37/240 (273) HPs)
             Began as a Hill Orc Monk on May 27, 2022.
             Was the Champion of Makhleb.
             Killed from afar by a wretched soul (89 damage)
             ... with a bolt of negative energy
             ... in the Dungeon (Sprint VIII: "Arena of Blood").
             The game lasted 00:09:32 (88 turns).

greenreed the Axe Maniac (Hill Orc Monk)              Turns: 88, Time: 00:09:33

HP:   -37/240 (273) AC:  4    Str: 24    XL:     27
MP:   30/53         EV: 29    Int: 10    God:    Makhleb [******]
Gold: 0             SH:  0    Dex: 17    Spells: 78/78 levels left

rFire   . . .      SeeInvis .   j - +∞ Axe of Woe
rCold   . . .      Faith    .   (shield currently unavailable)
rNeg    . . .      Spirit   .   b - +0 robe
rPois   .          Reflect  .   (no helmet)
rElec   .          Harm     .   (no cloak)
rCorr   .          Rampage  .   (no gloves)
Will    ++...      NoTele   +   (no boots)
Stlth   ++++++++++              (no amulet)
HPRegen 0.50/turn               (no ring)
MPRegen 0.33/turn               (no ring)

@: heavily drained
A: no striking features
a: Renounce Religion, Minor Destruction, Lesser Servant of Makhleb, Major
Destruction, Greater Servant of Makhleb


You were in the Dungeon.
You worshipped Makhleb.
Makhleb was exalted by your worship.
You visited 1 branch

Inventory:

Hand Weapons
 a - a +0 hand axe
 j - the +∞ Axe of Woe (weapon)
   (You found it in the Dungeon)
Armour
 b - a +0 robe (worn)
Scrolls
 i - a scroll of blinking
Potions
 c - a potion of ambrosia
 d - a potion of curing
 e - a potion of heal wounds
 f - a potion of haste
 g - 2 potions of magic
 h - a potion of berserk rage


   Skills:
 O Level 27 Fighting
 O Level 27 Short Blades
 O Level 27 Long Blades
 O Level 27 Axes
 O Level 27 Maces & Flails
 O Level 27 Polearms
 O Level 27 Staves
 O Level 27 Slings
 O Level 27 Bows
 O Level 27 Crossbows
 O Level 27 Throwing
 O Level 27 Armour
 O Level 27 Dodging
 O Level 27 Stealth
 O Level 27 Shields
 O Level 27 Unarmed Combat
 + Level 26.4 Spellcasting
 O Level 27 Conjurations
 O Level 27 Hexes
 O Level 27 Summonings
 O Level 27 Necromancy
 O Level 27 Translocations
 + Level 26.6 Transmutations
 O Level 27 Fire Magic
 O Level 27 Ice Magic
 O Level 27 Air Magic
 O Level 27 Earth Magic
 O Level 27 Poison Magic
 O Level 27 Invocations
 O Level 27 Evocations


You had 78 spell levels left.
You didn't know any spells.
Your spell library was empty.

Dungeon Overview and Level Annotations

Branches:
Dungeon (1/1)

Altars:
Makhleb


Message History

You have mastered Throwing!
You have mastered Ice Magic!
You have mastered Poison Magic!
Unknown command.
You cut the meat beast into ribbons!!!
You slaughter the meat beast joyfully.
You kill the meat beast!
Makhleb accepts your kill.
You feel better.
You slice the bag of meat!!
You pulverise the bag of meat into a thin bloody mist.
You kill the bag of meat!
Makhleb accepts your kill.
You feel better.
You hit the bag of meat.
You dissect the bag of meat like a pig carcass.
You kill the bag of meat!
Makhleb accepts your kill.
You feel better.
You hear a shout! x2
A destroyer comes into view. It is wielding a +9 vorpal great sword.
The eight-headed meat hydra calls on the powers of darkness!
The eight-headed meat hydra convulses! x2; The meat berserker convulses!
Your body is wracked with pain!
The accursed gestures at you while chanting.
Something smites you!
You hear a shout! x3
You have mastered Staves!
Your Spellcasting skill gained 3 levels and is now at level 26!
You have mastered Translocations!
Your Transmutations skill gained 3 levels and is now at level 26!
You have mastered Air Magic!
A meat beast comes into view.
You hear a shout!
A meat beast comes into view.
A bag of meat comes into view. It is wielding a +9 war axe.
The dread throws damnation at you.
The sphere of damnation explodes!
The damnation engulfs you!!!
* * * LOW HITPOINT WARNING * * *
A bolt of negative energy appears from out of thin air!
Deactivating autopickup; reactivate with Ctrl-A.
The bolt of negative energy hits you!!!!
You feel drained.
You die...

........ .........
.#....... #.22....#
.....#.... #oO.....#
..#......###OW.....###.
........o))M))###......
....o.#..))))))_......
...{#..oV...#).)..#..
#.....).)..#_)<._#
...#O.@....#))...#
......#........_......
......D.......###......
...{.....###.... ..###.
.......... #.......# .V
........#..... .# o
#...D......... ..
.#.#......


You could see an accursed, 2 meat beasts, 2 eight-headed meat hydras, 2
destroyers, a dread, 3 meat berserkers and 5 bags of meat.

Vanquished Creatures
  5 hell beasts (D)
  3 royal mummies (D)
  A wraith (D)
  Harold (D)
  13 vampire knights (D)
  29 ogres (D)
  5 two-headed ogres (D)
  A lich (D)
  A hydra (D)
  59 orcs (D)
  2 skeletal warriors (D)
120 creatures vanquished.

Notes
Turn   | Place    | Note
-------+----------+-------------------------------------------
     0 | D        | Found the +∞ Axe of Woe
     0 | D        | greenreed the Hill Orc Monk began the quest for the Orb.
     0 | D        | Reached XP level 1. HP: 19/19 MP: 1/1
     2 | D        | Noticed a bag of meat
     2 | D        | Noticed a meat berserker
     3 | D        | Noticed a bag of meat
     4 | D        | Became a worshipper of Makhleb the Destroyer
     4 | D        | Reached * piety under Makhleb
     4 | D        | Reached ** piety under Makhleb
     4 | D        | Noticed a meat berserker
     6 | D        | Killed a meat berserker
     6 | D        | Noticed a bag of meat
     7 | D        | Reached skill level 27 in Axes
     7 | D        | Reached XP level 2. HP: 52/52 MP: 2/2
     7 | D        | Reached XP level 3. HP: 59/59 MP: 3/3
     7 | D        | Reached XP level 4. HP: 68/68 MP: 4/4
     7 | D        | Reached XP level 5. HP: 74/74 MP: 5/5
     7 | D        | Reached XP level 6. HP: 82/82 MP: 6/6
     7 | D        | Reached XP level 7. HP: 89/89 MP: 7/7
     7 | D        | Reached XP level 8. HP: 97/97 MP: 8/8
     7 | D        | Reached XP level 9. HP: 104/104 MP: 9/9
     7 | D        | Reached XP level 10. HP: 112/112 MP: 10/10
     7 | D        | Reached XP level 11. HP: 118/118 MP: 11/11
     7 | D        | Reached XP level 12. HP: 127/127 MP: 12/12
     7 | D        | Killed a meat berserker
     7 | D        | Killed a bag of meat
     8 | D        | Reached XP level 13. HP: 151/151 MP: 13/13
     8 | D        | Noticed a bag of meat
     8 | D        | Noticed a bag of meat
     9 | D        | Noticed a bag of meat
     9 | D        | Noticed a meat berserker
     9 | D        | Noticed a meat berserker
    11 | D        | Killed a bag of meat
    11 | D        | Reached *** piety under Makhleb
    11 | D        | Noticed a meat berserker
    12 | D        | Reached XP level 14. HP: 165/165 MP: 14/14
    13 | D        | Noticed a bag of meat
    14 | D        | Killed a meat berserker
    15 | D        | Reached skill level 27 in Fighting
    15 | D        | Killed a meat berserker
    15 | D        | Noticed a meat berserker
    15 | D        | Noticed a bag of meat
    16 | D        | Reached XP level 15. HP: 174/174 MP: 15/15
    16 | D        | Reached **** piety under Makhleb
    17 | D        | Killed a meat berserker
    18 | D        | Reached skill level 27 in Dodging
    19 | D        | Reached XP level 16. HP: 183/183 MP: 16/16
    19 | D        | Reached ***** piety under Makhleb
    19 | D        | Noticed a destroyer
    19 | D        | Noticed a destroyer
    19 | D        | Noticed a meat berserker
    21 | D        | Killed a destroyer
    22 | D        | Reached skill level 5 in Short Blades
    22 | D        | Reached skill level 5 in Long Blades
    22 | D        | Reached skill level 5 in Maces & Flails
    22 | D        | Reached skill level 5 in Polearms
    22 | D        | Reached skill level 5 in Conjurations
    22 | D        | Reached skill level 5 in Hexes
    22 | D        | Reached skill level 5 in Summonings
    22 | D        | Reached skill level 5 in Necromancy
    22 | D        | Reached skill level 5 in Ice Magic
    22 | D        | Reached skill level 5 in Earth Magic
    22 | D        | Reached skill level 5 in Poison Magic
    22 | D        | Reached skill level 5 in Invocations
    22 | D        | Reached skill level 5 in Evocations
    22 | D        | Reached XP level 17. HP: 191/191 MP: 16/22
    22 | D        | Killed a meat berserker
    22 | D        | Noticed a meat berserker
    23 | D        | Reached skill level 5 in Staves
    23 | D        | Reached skill level 5 in Slings
    23 | D        | Reached skill level 5 in Bows
    23 | D        | Reached skill level 5 in Crossbows
    23 | D        | Reached skill level 5 in Throwing
    23 | D        | Reached skill level 5 in Translocations
    23 | D        | Reached skill level 5 in Air Magic
    23 | D        | Killed a destroyer
    24 | D        | Reached skill level 5 in Spellcasting
    24 | D        | Reached skill level 5 in Transmutations
    24 | D        | Noticed a meat berserker
    24 | D        | Noticed a meat berserker
    24 | D        | Noticed a meat berserker
    25 | D        | Noticed a meat berserker
    25 | D        | Noticed a meat berserker
    26 | D        | Killed a meat berserker
    26 | D        | Noticed a large bag of meat
    27 | D        | Reached XP level 18. HP: 138/200 MP: 17/26
    27 | D        | Killed a meat berserker
    27 | D        | Noticed a large bag of meat
    28 | D        | Reached skill level 10 in Invocations
    28 | D        | Killed a meat berserker
    28 | D        | Reached ****** piety under Makhleb
    29 | D        | Reached skill level 10 in Armour
    29 | D        | Reached skill level 10 in Shields
    29 | D        | Reached skill level 10 in Unarmed Combat
    29 | D        | Reached skill level 10 in Fire Magic
    29 | D        | Killed a meat berserker
    30 | D        | Reached skill level 10 in Short Blades
    30 | D        | Reached skill level 10 in Conjurations
    30 | D        | Reached skill level 10 in Hexes
    30 | D        | Reached skill level 10 in Summonings
    30 | D        | Reached skill level 10 in Necromancy
    30 | D        | Reached skill level 10 in Earth Magic
    30 | D        | Reached skill level 10 in Evocations
    30 | D        | Reached XP level 19. HP: 207/207 MP: 17/30
    30 | D        | Killed a meat berserker
    30 | D        | Noticed The Servant
    30 | D        | Noticed an eight-headed meat hydra
    31 | D        | Reached skill level 10 in Long Blades
    31 | D        | Reached skill level 10 in Maces & Flails
    31 | D        | Reached skill level 10 in Polearms
    31 | D        | Reached skill level 10 in Slings
    31 | D        | Reached skill level 10 in Bows
    31 | D        | Reached skill level 10 in Crossbows
    31 | D        | Reached skill level 10 in Throwing
    31 | D        | Reached skill level 10 in Ice Magic
    31 | D        | Reached skill level 10 in Poison Magic
    31 | D        | Noticed a destroyer
    31 | D        | Noticed a meat berserker
    32 | D        | Noticed a large bag of meat
    33 | D        | Killed a meat berserker
    33 | D        | Killed a large bag of meat
    33 | D        | Noticed a destroyer
    33 | D        | Noticed a meat berserker
    34 | D        | Reached skill level 10 in Translocations
    34 | D        | Reached skill level 10 in Air Magic
    34 | D        | Reached skill level 15 in Invocations
    34 | D        | Reached XP level 20. HP: 79/216 MP: 18/33
    34 | D        | Killed a meat berserker
    35 | D        | Reached skill level 10 in Staves
    35 | D        | Reached skill level 10 in Transmutations
    36 | D        | Reached skill level 10 in Spellcasting
    36 | D        | Killed a destroyer
    37 | D        | Reached XP level 21. HP: 212/224 MP: 18/35
    37 | D        | Noticed a destroyer
    38 | D        | Killed a meat berserker
    38 | D        | Killed a destroyer
    39 | D        | Reached skill level 15 in Shields
    39 | D        | Reached skill level 15 in Unarmed Combat
    39 | D        | Reached skill level 15 in Fire Magic
    39 | D        | Killed a nine-headed meat hydra
    39 | D        | Killed a meat berserker
    39 | D        | Noticed a meat berserker
    40 | D        | Reached skill level 15 in Short Blades
    40 | D        | Reached skill level 15 in Conjurations
    40 | D        | Reached skill level 15 in Hexes
    40 | D        | Reached skill level 15 in Summonings
    40 | D        | Reached skill level 15 in Necromancy
    40 | D        | Reached skill level 15 in Earth Magic
    40 | D        | Reached skill level 15 in Evocations
    40 | D        | Reached XP level 22. HP: 213/233 MP: 19/38
    40 | D        | Killed a large bag of meat
    40 | D        | Noticed a destroyer
    41 | D        | Reached skill level 15 in Long Blades
    41 | D        | Reached skill level 15 in Maces & Flails
    41 | D        | Reached skill level 15 in Polearms
    41 | D        | Killed a destroyer
    42 | D        | Reached skill level 15 in Slings
    42 | D        | Reached skill level 15 in Bows
    42 | D        | Reached skill level 15 in Crossbows
    42 | D        | Reached skill level 15 in Throwing
    42 | D        | Reached skill level 15 in Ice Magic
    42 | D        | Reached skill level 15 in Poison Magic
    42 | D        | Reached XP level 23. HP: 185/240 MP: 19/39
    42 | D        | Noticed a destroyer
    43 | D        | Killed The Servant
    43 | D        | Killed a large bag of meat
    43 | D        | Killed a destroyer
    43 | D        | Noticed a destroyer
    44 | D        | Reached skill level 15 in Translocations
    44 | D        | Reached skill level 15 in Air Magic
    44 | D        | Killed a destroyer
    44 | D        | Noticed a large bag of meat
    45 | D        | Reached XP level 24. HP: 98/249 MP: 20/41
    47 | D        | Killed a destroyer
    47 | D        | Noticed a destroyer
    48 | D        | Reached skill level 15 in Staves
    48 | D        | Noticed an accursed
    48 | D        | Noticed a destroyer
    48 | D        | Noticed a large bag of meat
    49 | D        | Noticed an accursed
    52 | D        | Reached skill level 15 in Transmutations
    53 | D        | Reached skill level 15 in Spellcasting
    53 | D        | Killed a destroyer
    54 | D        | Reached XP level 25. HP: 244/257 MP: 22/42
    54 | D        | Noticed a destroyer
    55 | D        | Noticed an accursed
    58 | D        | Killed a large bag of meat
    58 | D        | Killed a large bag of meat
    58 | D        | Killed a destroyer
    59 | D        | Reached XP level 26. HP: 209/266 MP: 23/43
    59 | D        | Killed a destroyer
    60 | D        | Reached skill level 27 in Invocations
    62 | D        | Killed an accursed
    62 | D        | Noticed a tyrant
    63 | D        | Reached XP level 27. HP: 254/273 MP: 23/44
    63 | D        | Noticed a meat beast
    63 | D        | Noticed a destroyer
    68 | D        | Noticed a dread
    68 | D        | Killed an accursed
    68 | D        | Killed a meat beast
    69 | D        | Noticed a meat beast
    70 | D        | Killed a meat beast
    71 | D        | Reached skill level 27 in Armour
    71 | D        | Reached skill level 27 in Shields
    71 | D        | Reached skill level 27 in Unarmed Combat
    71 | D        | Reached skill level 27 in Fire Magic
    71 | D        | Killed a tyrant
    73 | D        | Killed a dread
    74 | D        | Killed an accursed
    77 | D        | Noticed a meat beast
    78 | D        | Reached skill level 27 in Short Blades
    78 | D        | Reached skill level 27 in Conjurations
    78 | D        | Reached skill level 27 in Necromancy
    78 | D        | Reached skill level 27 in Earth Magic
    78 | D        | Reached skill level 27 in Evocations
    78 | D        | Noticed a meat beast
    78 | D        | Noticed a destroyer
    79 | D        | Noticed a dread
    79 | D        | Noticed a destroyer
    79 | D        | Noticed an accursed
    80 | D        | Killed a meat beast
    80 | D        | Noticed a meat beast
    80 | D        | Noticed a meat beast
    80 | D        | Noticed an accursed
    81 | D        | Reached skill level 27 in Stealth
    82 | D        | Killed a destroyer
    83 | D        | Reached skill level 27 in Long Blades
    83 | D        | Reached skill level 27 in Maces & Flails
    83 | D        | Reached skill level 27 in Polearms
    83 | D        | Reached skill level 27 in Hexes
    83 | D        | Reached skill level 27 in Summonings
    83 | D        | Noticed a meat beast
    84 | D        | Killed a destroyer
    85 | D        | Killed a meat beast
    87 | D        | Reached skill level 27 in Slings
    87 | D        | Reached skill level 27 in Bows
    87 | D        | Reached skill level 27 in Crossbows
    87 | D        | Reached skill level 27 in Throwing
    87 | D        | Reached skill level 27 in Ice Magic
    87 | D        | Reached skill level 27 in Poison Magic
    87 | D        | Killed a meat beast
    87 | D        | Noticed a destroyer
    88 | D        | Reached skill level 27 in Staves
    88 | D        | Reached skill level 27 in Translocations
    88 | D        | Reached skill level 27 in Air Magic
    88 | D        | Noticed a meat beast
    88 | D        | Noticed a meat beast
    88 | D        | Killed from afar by a wretched soul

Illustrated notes

Levels and vault maps discovered:
D:        meatsprint

Skill      XL: |  1  2  3  4  5  6  7  8  9 10 11 12 13 14 15 16 17 18 19 20 21 22 23 24 25 26 27 |
---------------+----------------------------------------------------------------------------------+-----
Fighting       | 17 24 26 27 | 27.0
Axes           | 27 | 27.0
Dodging        | 12 17 18 24 27 | 27.0
Short Blades   | 2 5 8 10 12 13 15 16 18 19 21 22 27 | 27.0
Long Blades    | 3 5 7 9 11 13 14 15 17 18 20 21 27 | 27.0
Maces & Flails | 3 5 7 9 11 13 14 15 17 18 20 21 27 | 27.0
Polearms       | 3 5 7 9 11 13 14 15 17 18 20 21 27 | 27.0
Staves         | 2 4 6 8 9 11 12 13 14 16 17 18 27 | 27.0
Slings         | 2 4 7 9 11 12 14 15 16 18 19 20 27 | 27.0
Bows           | 2 4 7 9 11 12 14 15 16 18 19 20 27 | 27.0
Crossbows      | 2 4 7 9 11 12 14 15 16 18 19 20 27 | 27.0
Throwing       | 2 4 7 9 11 12 14 15 16 18 19 20 27 | 27.0
Armour         | 3 6 9 11 13 14 16 17 19 21 23 24 27 | 27.0
Shields        | 3 6 9 11 13 14 16 17 19 21 23 24 27 | 27.0
Unarmed Combat | 3 6 9 11 13 14 16 17 19 21 23 24 27 | 27.0
Conjurations   | 3 5 8 10 12 13 15 16 18 19 21 22 27 | 27.0
Hexes          | 2 5 8 10 12 13 15 16 18 19 21 22 27 | 27.0
Summonings     | 2 5 8 10 12 13 15 16 18 19 21 22 27 | 27.0
Necromancy     | 2 5 8 10 12 13 15 16 18 19 21 22 27 | 27.0
Translocations | 2 4 6 8 10 11 13 14 15 16 18 19 27 | 27.0
Transmutations | 2 4 6 7 9 10 12 14 15 16 17 26 | 26.6
Fire Magic     | 3 6 9 11 13 14 16 17 19 21 23 24 27 | 27.0
Ice Magic      | 2 5 7 9 11 12 14 15 16 18 19 20 27 | 27.0
Air Magic      | 2 4 6 8 10 11 13 14 15 16 18 19 27 | 27.0
Earth Magic    | 3 5 8 10 12 13 15 16 18 19 21 22 27 | 27.0
Poison Magic   | 2 5 7 9 11 12 14 15 16 18 19 20 27 | 27.0
Evocations     | 3 5 8 10 12 13 15 16 18 19 21 22 27 | 27.0
Spellcasting   | 3 5 7 9 10 12 14 15 16 17 26 | 26.4
Invocations    | 5 9 12 15 17 19 20 22 24 26 27 | 27.0
Stealth        | 27 | 27.0

Action                   |  1- 3 |  4- 6 |  7- 9 | 10-12 | 13-15 | 16-18 | 19-21 | 22-24 | 25-27 || total
-------------------------+-------+-------+-------+-------+-------+-------+-------+-------+-------++-------
Melee: Executioner's axe |     1 |       |       |     1 |     6 |     8 |     8 |    10 |    28 ||    62
Dodge: Dodged            |       |       |       |       |       |       |       |       |     4 ||     4

Table legend: (Time is in decaauts)
 A = Elapsed time spent in this place.
 B = Non-inter-level travel time spent in this place.
 C = Inter-level travel time spent in this place.
 D = Time resting spent in this place.
 E = Time spent auto-exploring this place.
 F = Levels seen in this place.
 G = Mean time per level.
                   A        B        C        D        E       F      G
               +--------+--------+--------+--------+--------+-----+--------+
         Total |     69 |     69 |      0 |      0 |      0 |   1 |   69.0 |
       Dungeon |     69 |     69 |      0 |      0 |      0 |   1 |   69.0 |
               +--------+--------+--------+--------+--------+-----+--------+

Top non-repeatable levels by time:
       D: 69 daAuts
